cohdb
Replays
Latest Replays
All Replays
Popular Replays
Top Player Replays
Match Explorer
How It Works
Community
CoH3 Stats
Reddit
Sign in to upload your games and track your stats! →
Sign in with Steam
Match 47329179
Unlisted
Match 47329179
Overview
Messages
Build Orders
End
Construct Weapon Support Center
Construct Barracks
Selects Advanced Infantry Battlegroup
Riflemen Squad
Riflemen Squad
Engineer Squad
Riflemen Squad
Mortar Pit
Mortar Pit
Infantry Support Center
Selects Convert to Ranger Squad
Selects Frontline Medical Station
Frontline Medical Station
Mortar Pit
Grenade Package
Munitions Surplus
Advanced Logistics
Selects Ammunition Storage
DrinkIIScotch
nub
[82AD] Janko
Rolling9Deep
Ismachu
Tanith's Finest
0
0
Comments
sign in to comment!
No comments posted yet!